 Dungeon Crawl Stone Soup version 0.30.0-30-g96aa6591b8 (webtiles) character file.

Game seed: 1861096608787567955

3945 Fodor the Protected (level 10, 0/88 HPs)
             Began as a Minotaur Fighter on June 27, 2023.
             Slain by a killer bee (7 damage)
             ... on level 8 of the Dungeon.
             The game lasted 00:35:44 (6479 turns).

Fodor the Protected (Minotaur Fighter)              Turns: 6479, Time: 00:35:45

Health: 0/88       AC: 17    Str: 26    XL:     10   Next: 2%
Magic:  18/18      EV: 10    Int:  5    God:
Gold:   293        SH:  0    Dex:  9    Spells: 9/9 levels left

rFire   . . .        o - +3 dire flail
rCold   . . .        (shield currently unavailable)
rNeg    . . .        r - +2 chain mail "Kain" {Contam Will+ MP+9}
rPois   .            (helmet restricted)
rElec   .            B - +0 cloak
rCorr   .            t - +0 pair of gloves
SInv    .            u - +0 pair of boots
Will    +....        H - amulet of faith Stlth
                     (no ring)
HPRegen 0.34/turn    (no ring)
MPRegen 0.16/turn

%: faith
@: lethally poisoned (0 -> -1)
A: horns 2, retaliatory headbutt
a: no special abilities


You were on level 8 of the Dungeon.
You visited 2 branches of the dungeon, and saw 9 of its levels.
You also visited: Sewer.

You collected 343 gold pieces.
You spent 50 gold pieces at shops.

Inventory:

Hand Weapons
 o - a +3 dire flail (weapon)
 C - a +3 rapier of holy wrath
 F - a +0 shortbow
Missiles
 b - 6 poisoned darts (quivered)
Armour
 c - a +0 buckler
 r - the +2 chain mail "Kain" (worn) {Contam Will+ MP+9}
   (You found it on level 2 of the Dungeon)

   MP:        It affects your magic capacity (+9).
   Contam:    It causes magical contamination when unequipped.
   Will:      It increases your willpower.
 t - a +0 pair of gloves (worn)
 u - a +0 pair of boots (worn)
 B - a +0 cloak (worn)
Jewellery
 A - an amulet of faith
 H - an amulet of faith (around neck)
Wands
 D - a wand of roots (9)
 I - a wand of charming (9)
Scrolls
 a - a scroll of silence {unknown}
 f - 6 scrolls of teleportation
 i - 6 scrolls of fog
 m - 2 scrolls of magic mapping
 n - 2 scrolls of immolation {unknown}
 p - a scroll of fear {unknown}
 q - 2 scrolls of blinking
 s - a scroll of poison {unknown}
 v - 2 scrolls of enchant weapon
 x - 2 scrolls of enchant armour {unknown}
 y - a scroll of amnesia {unknown}
 z - 3 scrolls of vulnerability
 J - 2 scrolls of identify
Potions
 d - 2 potions of might
 e - a potion of heal wounds
 g - 2 potions of brilliance {unknown}
 h - 3 potions of curing
 j - a potion of lignification {unknown}
 k - 2 potions of magic {unknown}
 l - a potion of cancellation {unknown}
 w - 4 potions of flight
 E - a potion of berserk rage {unknown}
 G - a potion of invisibility {unknown}
 K - a potion of attraction {unknown}


   Skills:
 + Level 7.9 Fighting
 + Level 4.9 Long Blades
 + Level 5.7(7.9) Axes
 + Level 8.3(9.1) Maces & Flails
 + Level 1.7 Ranged Weapons
 + Level 0.3 Throwing
 + Level 9.3 Armour
 + Level 4.6 Dodging
 + Level 0.5 Stealth
 + Level 5.2 Shields


You had 9 spell levels left.
You didn't know any spells.
Your spell library contained the following spells:

 Spells                   Type           Power      Damage    Failure   Level
 Summon Small Mammal      Summ           0%         N/A       91%         1
 Call Canine Familiar     Summ           0%         N/A       99%         3
 Hailstorm                Conj/Ice       0%         3d3       99%         3
 Summon Guardian Golem    Hex/Summ       0%         N/A       99%         3
 Tukima's Dance           Hex            0%         N/A       99%         3
 Ice Form                 Ice/Tmut       0%         N/A       100%        4
 Passage of Golubria      Tloc           0%         N/A       100%        4
 Yara's Violent Unravell  Hex/Tmut       0%         3d3       100%        5
 Simulacrum               Ice/Necr       0%         N/A       100%        6


Dungeon Overview and Level Annotations

Branches:
Dungeon (8/15)             Temple (1/1) D:4           Sewer (visited)
   Lair: D:8-11

Altars:
Ashenzari
Cheibriados
Elyvilon
Fedhas
Hepliaklqana
Okawaru
Qazlal
Ru
Uskayaw
Vehumet
Wu Jian
Xom
Zin
The Shining One

Shops:
D:1 (   D:5 !


Innate Abilities, Weirdness & Mutations

You have a pair of horns on your head.
You reflexively headbutt those who attack you in melee.


Message History

There is a stone staircase leading up here.
You miss the killer bee.
The killer bee is heavily wounded.
You feel sick. The killer bee stings you.
* * * LOW HITPOINT WARNING * * *
You are more poisoned.
The killer bee poisons you!
You completely miss the cyan ugly thing.
Your headbutt misses the cyan ugly thing.
You feel sick.
You bludgeon the cyan ugly thing!!
The cyan ugly thing is moderately wounded.
You feel sick.
You hear a shout!
The cyan ugly thing barely misses you. You furiously retaliate!
You headbutt the cyan ugly thing! You hit the cyan ugly thing.
The cyan ugly thing is heavily wounded.
You feel sick.
The cyan ugly thing punches you but does no damage.
You closely miss the cyan ugly thing.
The cyan ugly thing is heavily wounded.
You feel sick.
The cyan ugly thing punches you but does no damage.
You bludgeon the cyan ugly thing!! You headbutt the cyan ugly thing!
You kill the cyan ugly thing!
You feel sick.
An orc comes into view. It is wielding a +0 falchion.
Your Armour skill increases to level 9!
You barely miss the ogre. You headbutt the ogre.
You kill the ogre!
You feel sick.
You have reached level 10!
You impale the orc!!
You kill the orc!
You feel sick.
You miss the killer bee.
The killer bee is heavily wounded.
You feel sick. The killer bee stings you!
You die...

#.. #.
... ###
.. ..
..# #.
..#.#..
.#.#.
:.. #y#
#@# ###


You could see a killer bee.

Vanquished Creatures
  An ugly thing (D:8)
  A manticore (D:7)
  The ghost of Fecro the Covert, a novice SpBr of Makhleb (D:4)
  Eustachio (D:5)
  Menkaure (D:4)
  A sky beast (D:7)
  An ice beast (D:5)
  3 black bears
  2 ogres
  A centaur (D:5)
  2 phantoms
  Blork the orc (D:4)
  3 bullfrogs
  A gnoll sergeant (D:6)
  4 scorpions
  A water moccasin skeleton (D:4)
  3 orc priests
  4 hounds
  5 jellies
  A bullfrog skeleton (D:4)
  2 centaur skeletons (D:4)
  Ijyb (D:5)
  A gnoll bouda (D:5)
  4 orc wizards
  5 iguanas
  A sleepcap (D:6)
  Robin (D:4)
  18 gnolls
  12 adders
  5 river rats (Sewer)
  A shadow imp (D:7)
  A white imp (D:6)
  4 worms
  3 dart slugs
  22 orcs
  15 bats
  17 endoplasms
  9 giant cockroaches
  14 goblins
  9 hobgoblins
  5 jackals (Sewer)
  6 quokkas
  11 ball pythons
  2 frilled lizards (Sewer)
  2 kobolds
  5 rats
214 creatures vanquished.

Notes
Turn   | Place    | Note
-------+----------+-------------------------------------------
     0 | D:1      | Fodor the Minotaur Fighter began the quest for the Orb.
     0 | D:1      | Reached XP level 1. HP: 19/19 MP: 0/0
    69 | D:1      | Reached skill level 4 in Armour
    69 | D:1      | Reached XP level 2. HP: 16/27 MP: 1/1
   157 | D:1      | Found Geutt's Weapon Emporium.
   515 | D:1      | Reached XP level 3. HP: 30/33 MP: 2/2
   768 | D:2      | Found a hazy altar of Hepliaklqana.
   848 | D:2      | Identified the +2 chain mail "Kain" {Contam Will+ MP+9}
  1102 | D:2      | Reached XP level 4. HP: 41/41 MP: 3/3
  1855 | D:3      | Reached XP level 5. HP: 31/47 MP: 4/4
  2654 | D:4      | Found a staircase to the Ecumenical Temple.
  2724 | D:4      | Reached skill level 5 in Armour
  2724 | D:4      | Reached XP level 6. HP: 35/53 MP: 5/5
  2735 | D:4      | Found a glowing drain.
  2782 | Sewer    | Entered a sewer
  2820 | Sewer    | Reached skill level 1 in Axes
  2983 | Sewer    | Reached skill level 5 in Fighting
  3177 | Sewer    | Reached skill level 1 in Dodging
  3494 | D:4      | Found a runed translucent gate.
  3495 | D:4      | Found a runed translucent gate.
  3496 | D:4      | Found a runed translucent gate.
  3497 | D:4      | Noticed Fecro's ghost (novice SpBr)
  3519 | D:4      | Reached XP level 7. HP: 48/61 MP: 6/6
  3531 | D:4      | Killed Fecro's ghost
  3532 | D:4      | Reached skill level 6 in Armour
  3532 | D:4      | Reached skill level 5 in Shields
  3537 | D:4      | Reached skill level 5 in Axes
  3708 | D:4      | Noticed Blork the orc
  3719 | D:4      | Killed Blork the orc
  3916 | D:4      | Noticed Robin
  3935 | D:4      | Killed Robin
  4009 | D:4      | Reached XP level 8. HP: 69/69 MP: 7/7
  4016 | Temple   | Entered the Ecumenical Temple
  4104 | D:4      | Reached skill level 1 in Maces & Flails
  4162 | D:4      | Found a broken altar of Ashenzari.
  4441 | D:4      | Noticed Menkaure
  4449 | D:4      | Killed Menkaure
  4703 | D:5      | Entered Level 5 of the Dungeon
  4703 | D:5      | Noticed Eustachio
  4708 | D:5      | Killed Eustachio
  4736 | D:5      | Reached skill level 7 in Armour
  4865 | D:5      | Reached skill level 5 in Maces & Flails
  4990 | D:5      | Found Satzet's Distillery.
  4997 | D:5      | Bought a potion of heal wounds for 50 gold pieces
  5011 | D:5      | Noticed Ijyb
  5019 | D:5      | Killed Ijyb
  5075 | D:5      | Reached XP level 9. HP: 77/77 MP: 8/8
  6043 | D:6      | Reached skill level 1 in Ranged Weapons
  6157 | D:6      | Found a snail-covered altar of Cheibriados.
  6383 | D:7      | Noticed a manticore
  6401 | D:7      | Killed a manticore
  6402 | D:7      | Reached skill level 8 in Armour
  6447 | D:7      | Noticed a cyan ugly thing
  6467 | D:7      | Noticed a troll
  6476 | D:8      | Killed a cyan ugly thing
  6477 | D:8      | Reached skill level 9 in Armour
  6478 | D:8      | Reached XP level 10. HP: 8/88 MP: 9/9
  6479 | D:8      | Slain by a killer bee

Illustrated notes

Levels and vault maps discovered:
D:1:      amcnicky_arrival_blooded_trapdoor, layout_loops_ring, serial_shops,
          shop
D:2:      layout_loops_ring, basic_altar
D:3:      layout_basic, minmay_quantized
D:4:      layout_basic, lemuel_round_altar, minmay_temple_entry_wispy,
          gammafunk_ghost_necromancy, gup_sewer_entry_bowl, minmay_crossroads,
          uniq_robin, uniq_menkaure, uniq_blork_the_orc
D:5:      layout_rooms, serial_shops, nicolae_shop_back_alley_shop, uniq_ijyb,
          uniq_eustachio
D:6:      layout_loops_corners, kennysheep_slug_shrine, feat_on_display
D:7:      nzn_winding_woodlands_stair_cross
          [nzn_winding_woodlands_5x15_lazy_stream,
          nzn_winding_woodlands_center_garden,
          nzn_winding_woodlands_5x15_zeroes,
          nzn_winding_woodlands_5x5_open_star, nzn_winding_woodlands_5x5_three,
          nzn_winding_woodlands_5x15_pathside_ponds,
          nzn_winding_woodlands_center_pierced_h,
          nzn_winding_woodlands_5x15_concentric], layout_basic,
          grunt_gozag_statues, uniq_crazy_yiuf_cottage, uniq_joseph
D:8:      layout_basic, grunt_temple_overflow_open, serial_undead,
          serial_undead_e, serial_undead_a, serial_undead_f, serial_undead_c,
          serial_undead_a, serial_undead_c
Temple:   hellmonk_temple_of_storms

Skill      XL: |  1  2  3  4  5  6  7  8  9 |
---------------+----------------------------+-----
Armour         | 4 5 6 7 9 |  9.3
Fighting       | 4 5 6 7 |  7.9
Shields        | 4 5 |  5.2
Long Blades    | 3 4 |  4.9
Axes           | 3 5 |  5.7
Dodging        | 1 2 3 4 |  4.6
Maces & Flails | 5 8 |  8.3
Ranged Weapons | 1 |  1.7
Throwing       | |  0.3
Stealth        | |  0.5

Action                     |  1- 3 |  4- 6 |  7- 9 | 10-12 || total
---------------------------+-------+-------+-------+-------++-------
  Melee: Long sword        |    79 |    43 |       |       ||   122
         Headbutt          |    14 |    23 |    33 |       ||    70
         War axe           |       |   172 |    25 |       ||   197
         Dire flail        |       |       |   199 |     2 ||   201
   Fire: Shortbow          |       |       |    12 |       ||    12
  Throw: Dart              |       |       |     5 |       ||     5
    Use: Scroll            |       |     6 |     1 |       ||     7
         Potion            |       |       |     4 |       ||     4
 Armour: Scale mail        |    23 |       |       |       ||    23
         Chain mail        |    18 |   212 |   249 |       ||   479
  Dodge: Dodged            |    46 |   135 |   174 |       ||   355
  Block: Buckler           |    19 |    67 |     7 |       ||    93
